 Dungeon Crawl Stone Soup version 0.30-a0-860-g512cf1e979 (webtiles) character file.

Game seed: 12011586288494402321

100 zenocrate the Insei (level 4, -1/28 HPs)
             Began as an Octopode Transmuter on Mar 7, 2023.
             Constricted to death by Ijyb (4 damage)
             ... on level 3 of the Dungeon.
             The game lasted 00:02:48 (3037 turns).

zenocrate the Insei (Octopode Transmuter)           Turns: 3037, Time: 00:02:49

Health: -1/28      AC:  1    Str:  3 (9)  XL:     4   Next: 74%
Magic:  7/7        EV:  9    Int:  6 (17) God:
Gold:   137        SH:  0    Dex:  1 (12) Spells: 0/7 levels left

rFire   . . .      SeeInvis .      - Unarmed
rCold   . . .      Faith    .    (no shield)
rNeg    . . .      Spirit   .    (helmet restricted)
rPois   .          Reflect  .    (no amulet)
rElec   .          Rampage  .    (no ring)
rCorr   .                        (no ring)
Will    .....                    (no ring)
Stlth   ++                       (no ring)
HPRegen 0.24/turn                (no ring)
MPRegen 0.10/turn                (no ring)
                                 (no ring)
                                 (no ring)

@: lethally poisoned (-1 -> -19), grasped by roots, attractive, flying,
constricted, very slow
A: almost no armour, amphibious, 8 rings, camouflage 1, gelatinous body 1,
(nimble swimmer 1), tentacles
a: no special abilities


You were on level 3 of the Dungeon.
You visited 1 branch of the dungeon, and saw 3 of its levels.

You collected 137 gold pieces.

Inventory:

Armour
 l - a +2 kite shield of protection
Jewellery
 a - a ring of ice
Wands
 h - a wand of roots (9)
Scrolls
 e - 2 scrolls of fog {unknown}
 f - a scroll of magic mapping {unknown}
 g - 2 scrolls of identify {unknown}
 j - a scroll of butterflies {unknown}
 k - a scroll of poison {unknown}
Potions
 b - a potion of flight


   Skills:
 - Level 1.0 Fighting
 - Level 2.0 Dodging
 - Level 1.3 Stealth
 + Level 4.1 Unarmed Combat
 - Level 2.0 Spellcasting
 + Level 3.4 Transmutations
 + Level 0.9 Ice Magic


You couldn't memorise any spells.
You knew the following spells:

 Your Spells              Type           Power      Damage    Failure   Level
a - Beastly Appendage     Tmut           8%         N/A       10%         1
b - Wereblood             Tmut           4%         N/A       16%         2
c - Ice Form              Ice/Tmut       3%         N/A       86%         4

Your spell library contained the following spells:

 Spells                   Type           Power      Damage    Failure   Level
 Sting                    Tmut/Pois      8%         1d3       21%         1
 Apportation              Tloc           0%         N/A       38%         1
 Necrotise                Necr           0%         1d4       38%         1
 Summon Small Mammal      Summ           0%         N/A       38%         1
 Poisonous Vapours        Pois/Air       0%         N/A       52%         2
 Spider Form              Tmut/Pois      2%         N/A       52%         3
 Ozocubu's Armour         Ice            1%         N/A       63%         3
 Olgreb's Toxic Radiance  Pois           0%         N/A       99%         4
 Ozocubu's Refrigeration  Ice            0%         4d7       100%        7


Dungeon Overview and Level Annotations

Branches:
Dungeon (3/15)

Altars:
Cheibriados

Shops:
D:1 (   D:2 :(

Annotations:
D:3 Ijyb


Innate Abilities, Weirdness & Mutations

You cannot wear most types of armour.
You are amphibious.
You can wear up to eight rings at the same time.
Your skin changes colour to match your surroundings (Stealth+).
Your rubbery body absorbs attacks. (AC +1, EV +1)
((You are camouflaged when in or above water. (Stealth+)))
You have tentacles for arms and can constrict up to eight enemies at once.


Message History

You feel weakened.
Found an escape hatch in the floor.
Ijyb the Twisted Goblin comes into view.
She is wielding a +0 dagger of venom and carrying a wand of roots (8).
Ijyb shouts!
Ijyb barely misses you.
Ijyb is nearby!
Ijyb is nearby!
You closely miss Ijyb. Your grab misses Ijyb.
Ijyb hits you with a +0 dagger of venom.
You are poisoned.
It was a potion of flight.
You feel very buoyant.
You fly up into the air.
You feel very sick.
Ijyb hits you with a +0 dagger of venom.
It was a potion of attraction.
You feel attractive to monsters.
You feel sick.
Ijyb hits you with a +0 dagger of venom.
It was a potion of curing.
You feel better. Ijyb barely misses you.
You tentacle-slap Ijyb. Your grab misses Ijyb. You squeeze Ijyb.
Ijyb is lightly wounded.
Ijyb zaps a wand.
The roots erupt in riotous growth!
The grasping roots grab you!
Ijyb is unaffected.
The grasping roots constrict you.
You tentacle-slap Ijyb but do no damage.
Your grab misses Ijyb.
Ijyb is lightly wounded.
Ijyb hits you with a +0 dagger of venom.
You are poisoned.
The grasping roots constrict you.
It was a potion of degeneration.
There was something very wrong with that liquid.
You feel weakened.
You feel dopey.
You feel clumsy.
You feel sick.
Ijyb hits you with a +0 dagger of venom.
* * * LOW HITPOINT WARNING * * *
You are more poisoned.
The grasping roots constrict you.
You die...

#.# ##.#.# ###.#
#.# #....###.#.#
..# .#..##.#..#
#### ..#....###.#
#.#####.## ##.. .>
#....### ###
#.#..##.#.##
#....#.#.#.###.####
####...###.@g.....#
#...###.###.##.#
#..#...........
#..##..........
#..##..♣♣♣...♣♣
#..#..♣# ♣.♣#
#.....♣ .♣ #####
#..##.♣ ♣ ....#
#..##..


You could see Ijyb.

Vanquished Creatures
  2 adders
  2 dart slugs (D:1)
  4 orcs (D:3)
  4 bats
  8 endoplasms
  3 giant cockroaches (D:1)
  10 goblins
  6 hobgoblins
  4 jackals (D:3)
  6 kobolds
  3 quokkas
  5 ball pythons
  2 frilled lizards (D:1)
  5 rats
64 creatures vanquished.

Vanquished Creatures (others)
  A fungus (D:1)
  3 plants (D:3)
4 creatures vanquished.

Grand Total: 68 creatures vanquished

Notes
Turn   | Place    | Note
-------+----------+-------------------------------------------
     0 | D:1      | zenocrate the Octopode Transmuter began the quest for the
                  | Orb.
     0 | D:1      | Reached XP level 1. HP: 13/13 MP: 3/3
   119 | D:1      | Reached skill level 1 in Stealth
   124 | D:1      | Reached XP level 2. HP: 16/18 MP: 5/5
   130 | D:1      | Learned a level 2 spell: Wereblood
   327 | D:1      | Found a faded altar of an unknown god.
   432 | D:1      | Prayed at the altar of an unknown god.
   432 | D:1      | Became a worshipper of Cheibriados the Contemplative
   432 | D:1      | Reached * piety under Cheibriados
   482 | D:1      | Found Feshridd's Antique Weapon Shop.
   492 | D:1      | Reached XP level 3. HP: 23/23 MP: 3/6
   492 | D:1      | Fell from the grace of Cheibriados
  1242 | D:2      | Found Ynaysema's Vocational Training.
  1321 | D:2      | Found Erghiwuhi's Antique Weapon Shop.
  1433 | D:2      | Reached XP level 4. HP: 28/28 MP: 4/7
  1438 | D:2      | Learned a level 4 spell: Ice Form
  2541 | D:3      | Reached skill level 4 in Unarmed Combat
  3029 | D:3      | Noticed Ijyb
  3037 | D:3      | Constricted to death by Ijyb

Illustrated notes

Levels and vault maps discovered:
D:1:      dpeg_arrival_shrine, layout_basic, serial_shops,
          nicolae_lakefront_shop, shapermc_ecumenical_altar_mp_urbaneastern
D:2:      layout_basic, serial_shops, nicolae_shop_stone,
          nicolae_shop_vocational
D:3:      layout_loops_ring, minmay_stone_trees_medium, serial_bayou_pond_b,
          palyth_stone_intersect, grunt_ministairs_2, uniq_ijyb

Skill      XL: |  1  2  3  4 |
---------------+-------------+-----
Stealth        | 1 |  1.3
Transmutations | 3 |  3.4
Unarmed Combat | 4 |  4.1
Fighting       | |  1.0
Dodging        | |  2.0
Spellcasting   | |  2.0
Ice Magic      | |  0.9

Action                     |  1- 3 |  4- 6 || total
---------------------------+-------+-------++-------
  Melee: Unarmed           |    87 |    68 ||   155
         Constrict         |    23 |    12 ||    35
         Kick              |    16 |     9 ||    25
         Punch             |     2 |     5 ||     7
         Tentacles         |     7 |    14 ||    21
   Cast: Beastly Appendage |    14 |    12 ||    26
         Wereblood         |    11 |    10 ||    21
 Invoke: Renounce Religion |     1 |       ||     1
    Use: Potion            |       |     5 ||     5
   Stab: Sleeping          |     4 |     3 ||     7
 Armour: Skin              |     7 |     7 ||    14
  Dodge: Dodged            |    62 |    36 ||    98

Table legend: (Time is in decaauts)
 A = Elapsed time spent in this place.
 B = Non-inter-level travel time spent in this place.
 C = Inter-level travel time spent in this place.
 D = Time resting spent in this place.
 E = Time spent auto-exploring this place.
 F = Levels seen in this place.
 G = Mean time per level.
                   A        B        C        D        E       F      G
               +--------+--------+--------+--------+--------+-----+--------+
         Total |   3632 |   3451 |    181 |     10 |   2905 |   3 | 1210.7 |
       Dungeon |   3632 |   3451 |    181 |     10 |   2905 |   3 | 1210.7 |
               +--------+--------+--------+--------+--------+-----+--------+

Top non-repeatable levels by time:
     D:2: 1666 daAuts
     D:1: 1323 daAuts
     D:3: 643 daAuts
